 Dungeon Crawl Stone Soup version 0.28-a0-586-gbdb9d174a4 (webtiles) character file.

Game seed: 13626492932370128113

1660 Notrik the Fighter (level 8, 0/78 HPs)
             Began as a Minotaur Fighter on Oct 3, 2021.
             Was an Initiate of Ashenzari.
             Slain by a lemure (4 damage)
             ... led by Pikel
             ... on level 7 of the Dungeon.
             The game lasted 00:08:52 (6049 turns).

Notrik the Fighter (Minotaur Fighter)               Turns: 6049, Time: 00:08:53

Health: 0/78       AC:  7    Str: 22    XL:     8   Next: 68%
Magic:  7/7        EV: 10    Int:  5    God:    Ashenzari [......]
Gold:   276        SH:  5    Dex: 11    Spells: 7/7 levels left

rFire   . . .      SeeInvis .   a - +0 war axe
rCold   . . .      Faith    .   c - +0 buckler
rNeg    . . .      Spirit   .   b - +0 scale mail
rPois   +          Reflect  .   (helmet restricted)
rElec   .          Harm     .   (no cloak)
rCorr   .          Rampage  .   (no gloves)
Will    .....                   (no boots)
Stlth   ..........              (no amulet)
HPRegen 0.23/turn               o - ring of poison resistance
MPRegen 0.10/turn               (no ring)

@: no status effects
A: horns 2, retaliatory headbutt
a: Renounce Religion, Curse Item


You were on level 7 of the Dungeon.
You worshipped Ashenzari.
Ashenzari was noncommittal.
You visited 1 branch of the dungeon, and saw 7 of its levels.

You collected 276 gold pieces.

Inventory:

Hand Weapons
 a - a +0 war axe (weapon)
Armour
 b - a +0 scale mail (worn)
 c - a +0 buckler (worn)
Jewellery
 m - a ring of fire
 o - a ring of poison resistance (left hand)
Wands
 t - a wand of polymorph (10)
Scrolls
 f - a scroll of silence
 g - 9 scrolls of identify
 j - 3 scrolls of teleportation
 n - a scroll of fog
 p - a scroll of enchant weapon
 s - a scroll of summoning
Potions
 d - a potion of might
 e - 2 potions of brilliance
 h - a potion of invisibility
 i - 2 potions of flight
 k - 2 potions of curing
 l - a potion of heal wounds
 q - a potion of cancellation
Miscellaneous
 r - a piece from Xom's chessboard (15/15)


   Skills:
 * Level 9.4 Fighting
 + Level 8.8 Axes
 - Level 5.3 Armour
 - Level 1.4 Dodging
 - Level 4.6 Shields


You had 7 spell levels left.
You didn't know any spells.
Your spell library contained the following spells:

 Spells                   Type           Power      Damage    Failure   Level
 Apportation              Tloc           0%         N/A       78%         1
 Freeze                   Ice            0%         1d3       78%         1
 Slow                     Hex            0%         N/A       89%         2
 Confusing Touch          Hex            0%         N/A       98%         3
 Frozen Ramparts          Ice            0%         1d2       98%         3
 Vampiric Draining        Necr           0%         2d6       98%         3
 Hailstorm                Conj/Ice       0%         3d3       100%        4
 Alistair's Intoxication  Tmut/Pois      0%         N/A       100%        5
 Invisibility             Hex            0%         N/A       100%        6


Dungeon Overview and Level Annotations

Branches:
Dungeon (7/15)
 Temple: D:4-7

Altars:
Ashenzari
Uskayaw

Shops:
D:1 *

Annotations:
D:7 Pikel


Innate Abilities, Weirdness & Mutations

You have a pair of horns on your head.
You reflexively headbutt those who attack you in melee.


Message History

You headbutt Pikel!
Pikel is heavily wounded.
You closely miss the lemure. x3
Pikel hits you with a +2 whip of freezing.
Pikel freezes you. The lemure hits you. The lemure hits you!
The lemure hits you.
You hit Pikel. Your headbutt misses Pikel.
Pikel is heavily wounded.
You closely miss the lemure. x3
Pikel hits you with a +2 whip of freezing.
Pikel freezes you. The lemure hits you. The lemure hits you!
* * * LOW HITPOINT WARNING * * *
The lemure misses you.
You barely miss Pikel.
Pikel is heavily wounded.
You closely miss the lemure. x2; You barely miss the lemure.
Pikel hits you with a +2 whip of freezing.
* * * LOW HITPOINT WARNING * * *
Pikel freezes you.
* * * LOW HITPOINT WARNING * * *
The lemure closely misses you. You furiously retaliate!
You headbutt the lemure! The lemure hits you.
* * * LOW HITPOINT WARNING * * *
You block the lemure's attack.
You barely miss Pikel.
Pikel is heavily wounded.
You hit the lemure but do no damage. You hit the lemure. You slash the lemure!
Pikel hits you with a +2 whip of freezing.
* * * LOW HITPOINT WARNING * * *
Pikel freezes you.
* * * LOW HITPOINT WARNING * * *
The lemure barely misses you. The lemure hits you.
* * * LOW HITPOINT WARNING * * *
The lemure hits you.
* * * LOW HITPOINT WARNING * * *
You slash Pikel!
Pikel is severely wounded.
You closely miss the lemure. x2; You slash the lemure!
Pikel closely misses you. The lemure hits you.
You die...

. .. ## ...###.####
#.# ..........#...#
.......5..#...#
......K@..#...# .#
#..###55..##..# ..#
###....##..###..#
#.$|............#
#...............#...
#......##...#####....
#......##...#........
#......#....+.......
#########...#.......


You could see Pikel and 3 lemures.

Vanquished Creatures
  Sigmund (D:3)
  Menkaure (D:4)
  2 sky beasts
  A black bear (D:4)
  A necrophage (D:6)
  2 ogres (D:5)
  A lemure (D:7)
  A phantom (D:6)
  2 scorpions
  A water moccasin zombie (D:6)
  3 water moccasin skeletons (D:5)
  3 howler monkeys
  A jelly (D:6)
  A bullfrog skeleton (D:6)
  An iguana (D:3)
  Robin (D:3)
  8 adders
  10 gnolls
  A shadow imp (D:5)
  An ufetubus (D:4)
  An adder skeleton (D:4)
  2 worms
  A dart slug (D:5)
  An orc (D:3)
  3 ball pythons
  3 endoplasms
  3 giant cockroaches
  10 goblins
  8 hobgoblins
  4 jackals (D:3)
  5 quokkas
  5 bats
  3 frilled lizards (D:1)
  7 kobolds
  4 rats
103 creatures vanquished.

Vanquished Creatures (others)
  A plant (D:7)
1 creature vanquished.

Grand Total: 104 creatures vanquished

Notes
Turn   | Place    | Note
-------+----------+-------------------------------------------
     0 | D:1      | Notrik the Minotaur Fighter began the quest for the Orb.
     0 | D:1      | Reached XP level 1. HP: 19/19 MP: 0/0
   153 | D:1      | Found a faded altar of an unknown god.
   167 | D:1      | Reached XP level 2. HP: 26/27 MP: 1/1
   168 | D:1      | Became a worshipper of Ashenzari the Shackled
   440 | D:1      | Found Vextiz's General Store.
   976 | D:2      | Reached skill level 4 in Fighting
  1236 | D:2      | Reached XP level 3. HP: 32/33 MP: 2/2
  1706 | D:3      | Noticed Robin
  1723 | D:3      | Killed Robin
  1724 | D:3      | Reached XP level 4. HP: 27/40 MP: 3/3
  1937 | D:3      | Noticed Sigmund
  1950 | D:3      | Killed Sigmund
  1951 | D:3      | Reached skill level 5 in Armour
  1951 | D:3      | Reached skill level 1 in Dodging
  1951 | D:3      | Reached XP level 5. HP: 29/47 MP: 4/4
  2332 | D:3      | Reached XP level 6. HP: 43/53 MP: 5/5
  2337 | D:3      | Reached skill level 5 in Axes
  2442 | D:3      | Found a hide-covered altar of Uskayaw.
  2851 | D:4      | Noticed Menkaure
  2855 | D:4      | Killed Menkaure
  2856 | D:4      | Reached skill level 5 in Fighting
  3097 | D:4      | Reached XP level 7. HP: 59/62 MP: 6/6
  3311 | D:5      | Entered Level 5 of the Dungeon
  3348 | D:5      | HP: 1/62 [ogre (9)]
  3350 | D:5      | Reached skill level 6 in Fighting
  4326 | D:5      | Reached skill level 7 in Fighting
  4647 | D:5      | Reached XP level 8. HP: 73/73 MP: 7/7
  5208 | D:6      | Reached skill level 8 in Fighting
  5589 | D:6      | Reached skill level 9 in Fighting
  6038 | D:7      | Noticed Pikel
  6049 | D:7      | Slain by a lemure

Illustrated notes

Levels and vault maps discovered:
D:1:      lightli_arrival_chessboard, layout_loops_ring, serial_shops,
          nicolae_lakefront_shop, hellmonk_ecumenical_altar_crossroads,
          columned_hall_lemuel, minmay_misc_feat_pillars
D:2:      minmay_kobold_bridge, layout_loops_ring, serial_glass,
          glass_columns_c, glass_columns_a
D:3:      layout_rooms, nicolae_uskayaw_suspiria, hangedman_decor_peaks_small,
          serial_park_tiny_pond, minmay_pentomino_pile, uniq_sigmund, uniq_robin
D:4:      layout_basic, minmay_fountain_box, uniq_menkaure
D:5:      layout_basic, hellmonk_bongcloud_opening
D:6:      layout_gridville
D:7:      layout_gridville, minmay_temple_entry_gardened_gates, uniq_pikel

Skill      XL: |  1  2  3  4  5  6  7  8 |
---------------+-------------------------+-----
Shields        | 4 |  4.6
Armour         | 4 5 |  5.3
Fighting       | 4 5 7 9 |  9.4
Axes           | 3 4 6 7 8 |  8.8
Dodging        | 1 |  1.4

Action                   |  1- 3 |  4- 6 |  7- 9 || total
-------------------------+-------+-------+-------++-------
Melee: War axe           |    78 |    70 |   144 ||   292
       Headbutt          |    11 |    11 |    25 ||    47
Armor: Scale mail        |    44 |    25 |    47 ||   116
Dodge: Dodged            |    49 |    34 |    48 ||   131
Block: Buckler           |    13 |    19 |    28 ||    60

Table legend: (Time is in decaauts)
 A = Elapsed time spent in this place.
 B = Non-inter-level travel time spent in this place.
 C = Inter-level travel time spent in this place.
 D = Time resting spent in this place.
 E = Time spent auto-exploring this place.
 F = Levels seen in this place.
 G = Mean time per level.
                   A        B        C        D        E       F      G
               +--------+--------+--------+--------+--------+-----+--------+
         Total |   6111 |   5932 |    179 |    625 |   4571 |   7 |  873.0 |
       Dungeon |   6111 |   5932 |    179 |    625 |   4571 |   7 |  873.0 |
               +--------+--------+--------+--------+--------+-----+--------+

Top non-repeatable levels by time:
     D:5: 1550 daAuts
     D:6: 1004 daAuts
     D:3: 971 daAuts
     D:2: 964 daAuts
     D:1: 763 daAuts
     D:4: 658 daAuts
     D:7: 199 daAuts
